 Dungeon Crawl Stone Soup version 0.22-a0-417-g1387785 (webtiles) character file.

53 Mgcat the Sneak (level 3, 0/26 HPs)
             Began as a Gnoll Enchanter on May 14, 2018.
             Slain by a hobgoblin (3 damage)
             ... on level 2 of the Dungeon.
             The game lasted 00:02:56 (992 turns).

Mgcat the Sneak (Gnoll Enchanter)                    Turns: 992, Time: 00:02:56

Health: 0/26       AC:  2    Str: 10    XL:     3   Next: 89%
Magic:  1/9        EV: 15    Int: 18    God:
Gold:   102        SH:  0    Dex: 15    Spells: 9/12 levels left

rFire    . . .     SeeInvis .   a - +1 dagger
rCold    . . .     Gourm    .   (no shield)
rNeg     . . .     Faith    .   i - +0 robe (curse)
rPois    .         Spirit   .   (no helmet)
rElec    .         Reflect  .   (no cloak)
rCorr    .         Harm     .   (no gloves)
MR       .....                  (no boots)
Stlth    +++.......             (no amulet)
HPRegen  0.08/turn              (no ring)
MPRegen  0.11/turn              (no ring)

@: no status effects
A: distributed training, fangs 1, strong nose
a: no special abilities


You were on level 2 of the Dungeon.
You were hungry.

You visited 1 branch of the dungeon, and saw 2 of its levels.

You collected 102 gold pieces.

Inventory:

Hand Weapons
 a - a +1 dagger (weapon)
Armour
 i - a cursed +0 robe (worn)
   (You found it on level 1 of the Dungeon)
Scrolls
 e - a scroll of fear {unknown}
 g - a scroll of identify {unknown}
 h - a scroll of fog {unknown}
Potions
 b - a potion of haste {unknown}
 f - a potion of brilliance {unknown}
 j - a potion of heal wounds {unknown}
 k - a potion of flight {unknown}
Comestibles
 c - 5 chunks of flesh {@w0}
 d - 2 rations


   Skills:
 + Level 1.0 Fighting
 + Level 2.6 Short Blades
 + Level 1.0 Long Blades
 + Level 1.0 Axes
 + Level 1.0 Maces & Flails
 + Level 1.0 Polearms
 + Level 1.0 Staves
 + Level 1.0 Slings
 + Level 1.0 Bows
 + Level 1.0 Crossbows
 + Level 1.0 Throwing
 + Level 1.0 Armour
 + Level 4.6 Dodging
 + Level 6.0 Stealth
 + Level 1.0 Shields
 + Level 1.0 Unarmed Combat
 + Level 5.0 Spellcasting
 + Level 0.7 Conjurations
 + Level 5.4 Hexes
 + Level 0.7 Charms
 + Level 0.7 Summonings
 + Level 0.7 Necromancy
 + Level 0.7 Translocations
 + Level 0.7 Transmutations
 + Level 0.7 Fire Magic
 + Level 0.7 Ice Magic
 + Level 0.7 Air Magic
 + Level 0.7 Earth Magic
 + Level 0.7 Poison Magic
 + Level 1.0 Invocations
 + Level 1.0 Evocations


You had 9 spell levels left.
You knew the following spells:

 Your Spells              Type           Power        Failure   Level  Hunger
a - Corona                Hex            ###....      1%          1    None
b - Ensorcelled Hibernat  Hex/Ice        ###...       5%          2    #......

Your spell library contained the following spells:

 Spells                   Type           Power        Failure   Level  Hunger
 Confuse                  Hex            ###.....     4%          3    ##.....
 Tukima's Dance           Hex            ###.....     4%          3    ##.....
 Dazzling Spray           Conj/Hex       ###...       11%         3    ##.....


Dungeon Overview and Level Annotations

Branches:
Dungeon (2/15)

Altars:


Innate Abilities, Weirdness & Mutations

Your experience applies equally to all skills.
You have very sharp teeth.
Your uncanny sense of smell can sniff out nearby items.


Message History

Found a stone staircase leading down.
An adder, a rat and a kobold come into view.
The kobold shouts!
The hobgoblin shouts!
The adder hisses angrily.
You hear an angry hiss.
You hit the goblin.
The goblin is heavily wounded.
The goblin misses you.
You hit the goblin. Your bite misses the goblin.
The goblin is severely wounded.
You closely miss the goblin. You bite the goblin, but do no damage.
The goblin is severely wounded.
The goblin hits you with a dagger.
You barely miss the goblin.
The goblin is severely wounded.
The goblin barely misses you.
You hit the goblin.
You kill the goblin!
Casting: Ensorcelled Hibernation (safe; 6% risk of failure)
Confirm with . or Enter, or press ? or * to list all spells.
Aiming: Ensorcelled Hibernation (safe; 6% risk of failure)
Press: ? - help, Shift-Dir - straight line, f - adder
Aim: an adder (chance to defeat MR: 54%)
The adder resists with significant effort.
The adder barely misses you.
Casting: Ensorcelled Hibernation (safe; 6% risk of failure)
Confirm with . or Enter, or press ? or * to list all spells.
Aiming: Ensorcelled Hibernation (safe; 6% risk of failure)
Press: ? - help, Shift-Dir - straight line, f/p - adder
Aim: an adder (chance to defeat MR: 54%)
The adder resists with significant effort.
The adder bites you.
Casting: Ensorcelled Hibernation (safe; 6% risk of failure)
Confirm with . or Enter, or press ? or * to list all spells.
Aiming: Ensorcelled Hibernation (safe; 6% risk of failure)
Press: ? - help, Shift-Dir - straight line, f/p - adder
Aim: an adder (chance to defeat MR: 54%)
The adder resists with significant effort.
You are feeling hungry.
The adder bites you. x2
You are poisoned.
The adder poisons you!
Casting: Ensorcelled Hibernation (safe; 6% risk of failure)
Confirm with . or Enter, or press ? or * to list all spells.
Aiming: Ensorcelled Hibernation (safe; 6% risk of failure)
Press: ? - help, Shift-Dir - straight line, f/p - adder
Aim: an adder (chance to defeat MR: 54%)
The adder resists with significant effort.
You feel sick. The adder bites you.
Casting: Ensorcelled Hibernation (safe; 6% risk of failure)
Confirm with . or Enter, or press ? or * to list all spells.
You don't have enough magic to cast that spell.
You hit the adder but do no damage. The adder barely misses you.
You hit the adder.
The adder is moderately wounded.
The adder completely misses you.
You closely miss the adder. You bite the adder, but do no damage.
The adder is moderately wounded.
The adder bites you but does no damage.
You hit the adder.
The adder is almost dead.
You feel sick. The adder bites you.
You hit the adder but do no damage.
The adder is almost dead.
The adder misses you.
You closely miss the adder.
The adder is almost dead.
The adder barely misses you. The adder bites you but does no damage.
You hit the adder.
The adder is almost dead.
The adder bites you.
* * * LOW HITPOINT WARNING * * *
Casting: Ensorcelled Hibernation (safe; 6% risk of failure)
Confirm with . or Enter, or press ? or * to list all spells.
Aiming: Ensorcelled Hibernation (safe; 6% risk of failure)
Press: ? - help, Shift-Dir - straight line, f/p - adder
Aim: an adder (almost dead, chance to defeat MR: 54%)
The adder looks drowsy...
You feel sick.
The helpless adder fails to defend itself.
You spit the adder like a pig!!!
You kill the adder!
Your Fighting skill increases to level 1!
Your Long Blades skill increases to level 1!
Your Axes skill increases to level 1!
Your Maces & Flails skill increases to level 1!
Your Polearms skill increases to level 1!
Your Staves skill increases to level 1!
Your Slings skill increases to level 1!
Your Bows skill increases to level 1!
Your Crossbows skill increases to level 1!
Your Throwing skill increases to level 1!
Your Armour skill increases to level 1!
Your Shields skill increases to level 1!
Your Unarmed Combat skill increases to level 1!
Your Evocations skill increases to level 1!
You feel sick.
You are no longer poisoned.
You closely miss the hobgoblin.
You bite the hobgoblin, but do no damage.
The hobgoblin barely misses you.
You hit the hobgoblin but do no damage. The hobgoblin hits you.
You die...

#####....# ## #....# .#
#....# .###### #....#
.#....# #....#
.#....#####...K# ###
.............K.# ...#
.#....#####....###....#
.#............rg@.....#
.#.....##....#####....#
.#.....#.....# ####
.#####.#.....#
.............#
.............#
.............#
.............#
##...........#


You could see a hobgoblin, a kobold and a rat.

Vanquished Creatures
  An adder (D:2)
  3 worms (D:2)
  A dart slug (D:2)
  A leopard gecko (D:1)
  3 bats
  2 giant cockroaches (D:1)
  6 goblins
  5 hobgoblins (D:1)
  A ball python (D:1)
  5 frilled lizards (D:1)
  4 kobolds
  2 rats
34 creatures vanquished.

Notes
Turn   | Place    | Note
-------+----------+-------------------------------------------
     0 | D:1      | Mgcat the Gnoll Enchanter began the quest for the Orb.
     0 | D:1      | Reached XP level 1. HP: 13/13 MP: 6/6
   122 | D:1      | Reached XP level 2. HP: 18/19 MP: 7/7
   133 | D:1      | Learned a level 2 spell: Ensorcelled Hibernation
   531 | D:1      | Reached XP level 3. HP: 25/25 MP: 7/9
   779 | D:2      | Reached skill level 5 in Spellcasting
   813 | D:2      | Reached skill level 6 in Stealth
   901 | D:2      | Reached skill level 1 in Invocations
   978 | D:2      | HP: 4/25 [adder (4)]
   980 | D:2      | Reached skill level 1 in Fighting
   980 | D:2      | Reached skill level 1 in Long Blades
   980 | D:2      | Reached skill level 1 in Axes
   980 | D:2      | Reached skill level 1 in Maces & Flails
   980 | D:2      | Reached skill level 1 in Polearms
   980 | D:2      | Reached skill level 1 in Staves
   980 | D:2      | Reached skill level 1 in Slings
   980 | D:2      | Reached skill level 1 in Bows
   980 | D:2      | Reached skill level 1 in Crossbows
   980 | D:2      | Reached skill level 1 in Throwing
   980 | D:2      | Reached skill level 1 in Armour
   980 | D:2      | Reached skill level 1 in Shields
   980 | D:2      | Reached skill level 1 in Unarmed Combat
   980 | D:2      | Reached skill level 1 in Evocations
   983 | D:2      | HP: 2/26 [poisoned by an adder]
   992 | D:2      | Slain by a hobgoblin

Vault maps used:
D:1:      saegor_arrival_simple_d, serial_forest, infiniplex_forest_straight_4,
          infiniplex_forest_clump_long, infiniplex_forest_straight_2,
          infiniplex_forest_clump_cross, infiniplex_forest_clump_large,
          infiniplex_forest_clump_diagonal, minmay_liquid_box
D:2:      minmay_kobold_bridge, kennysheep_generic_room_3

Skill      XL: |  1  2  3 |
---------------+----------+-----
Spellcasting   | 5 |  5.0
Stealth        | 6 |  6.0
Invocations    | 1 |  1.0
Fighting       | 1 |  1.0
Long Blades    | 1 |  1.0
Axes           | 1 |  1.0
Maces & Flails | 1 |  1.0
Polearms       | 1 |  1.0
Staves         | 1 |  1.0
Slings         | 1 |  1.0
Bows           | 1 |  1.0
Crossbows      | 1 |  1.0
Throwing       | 1 |  1.0
Armour         | 1 |  1.0
Shields        | 1 |  1.0
Unarmed Combat | 1 |  1.0
Evocations     | 1 |  1.0
Short Blades   | |  2.6
Dodging        | |  4.6
Conjurations   | |  0.7
Hexes          | |  5.4
Charms         | |  0.7
Summonings     | |  0.7
Necromancy     | |  0.7
Translocations | |  0.7
Transmutations | |  0.7
Fire Magic     | |  0.7
Ice Magic      | |  0.7
Air Magic      | |  0.7
Earth Magic    | |  0.7
Poison Magic   | |  0.7

Action                   || total
-------------------------++-------
Melee: Dagger            ||    95
       Bite              ||     8
 Cast: Ensorcelled Hiber ||    20
 Stab: Sleeping          ||    17
Armor: Robe              ||    11
Dodge: Dodged            ||    56

Table legend:
 A = Spawn XP
 B = Non-spawn XP
 C = Spawn XP percentage of total XP
 D = Spawn monster count
 E = Non-spawn monster count
 F = Spawn count percentage of total count
 G = Total turns spent on level
                    A         B        C        D         E        F      G
               +---------+---------+-------+---------+---------+-------+---------
         Total |       0 |      77 |   0.0 |       0 |      34 |   0.0 |   992
               +---------+---------+-------+---------+---------+-------+---------
           D:1 |       0 |      37 |   0.0 |       0 |      23 |   0.0 |   778
           D:2 |       0 |      40 |   0.0 |       0 |      11 |   0.0 |   214
               +---------+---------+-------+---------+---------+-------+---------

Vault maps used:
D:1:      saegor_arrival_simple_d, serial_forest, infiniplex_forest_straight_4,
          infiniplex_forest_clump_long, infiniplex_forest_straight_2,
          infiniplex_forest_clump_cross, infiniplex_forest_clump_large,
          infiniplex_forest_clump_diagonal, minmay_liquid_box
D:2:      minmay_kobold_bridge, kennysheep_generic_room_3

Table legend:
 A = Turns spent in this place as a percentage of turns spent in the entire game.
 B = Non-inter-level travel turns spent in this place as a percentage of non-inter-level travel turns spent in the entire game.
 C = Inter-level travel turns spent in this place as a percentage of turns spent in this place.
 D = Turns resting spent in this place as a percentage of non-inter-level travel turns spent in this place.
 E = Turns spent auto-exploring this place as a percentage of non-inter-level travel turns spent in this place.
 F = Non-inter-level travel turns spent in this place divided by the number of levels of this place that you've seen.
                   A       B       C       D       E      F
               +-------+-------+-------+-------+-------+----------------------
         Total | 100.0 | 100.0 |   1.0 |   0.0 |  68.4 | 491.0
       Dungeon | 100.0 | 100.0 |   1.0 |   0.0 |  68.4 | 491.0
               +-------+-------+-------+-------+-------+----------------------

Table legend:
 A = Kills in this place as a percentage of kills in entire the game.
 B = Kills by you in this place as a percentage of kills by you in the entire game.
 C = Kills by friends in this place as a percentage of kills by friends in the entire game.
 D = Other kills in this place as a percentage of other kills in the entire game.
 E = Experience gained in this place as a percentage of experience gained in the entire game.
 F = Experience gained in this place divided by the number of levels of this place that you have seen.
                   A       B       C       D       E      F
               +-------+-------+-------+-------+-------+----------------------
         Total | 100.0 | 100.0 |   N/A |   N/A | 100.0 |  38.5
       Dungeon | 100.0 | 100.0 |   N/A |   N/A | 100.0 |  38.5
               +-------+-------+-------+-------+-------+----------------------
